 Dungeon Crawl Stone Soup version 0.29.1-1-gd02db6906a (webtiles) character file.

Game seed: 15131301335747055038

2029 Iusername the Protected (level 9, -2/78 HPs)
             Began as a Minotaur Fighter on Sept 22, 2022.
             Slain by an orc wizard
             ... wielding a +0 dagger
              (3 damage)
             ... on level 7 of the Dungeon.
             The game lasted 00:08:01 (7838 turns).

Iusername the Protected (Minotaur Fighter)          Turns: 7838, Time: 00:08:01

Health: -2/78      AC:  9    Str: 24    XL:     9   Next: 3%
Magic:  8/8        EV: 10    Int:  5    God:
Gold:   205        SH:  5    Dex:  9    Spells: 8/8 levels left

rFire   . . .      SeeInvis .   q - +4 trident of Conscience {venom, Fly rN+ Will++ Dex-2}
rCold   . . .      Faith    .   c - +0 buckler
rNeg    + . .      Spirit   .   b - +0 scale mail
rPois   .          Reflect  .   (helmet restricted)
rElec   .          Harm     .   (no cloak)
rCorr   .          Rampage  .   (no gloves)
Will    ++...                   (no boots)
Stlth   ..........              l - amulet of the acrobat
HPRegen 0.23/turn               (no ring)
MPRegen 0.11/turn               (no ring)

@: mighty, lethally poisoned (-2 -> -10), flying, studying Armour
A: horns 2, retaliatory headbutt
a: no special abilities


You were on level 7 of the Dungeon.
You visited 1 branch of the dungeon, and saw 7 of its levels.
You also visited: Sewer.

You collected 205 gold pieces.

Inventory:

Hand Weapons
 a - the +7 staff of the Meek {protect, meekguard}
   (You found it on level 3 of the Dungeon)

   It grants its wielder temporary protection when it strikes (+7 to AC).
   It provides extra protection to wielders with little health.
 q - the +4 trident of Conscience (weapon) {venom, Fly rN+ Will++ Dex-2}
   (You found it on level 3 of the Dungeon)

   It poisons the flesh of those it strikes.
   Dex:       It affects your dexterity (-2).
   rN:        It protects you from negative energy.
   Fly:       It grants you flight.
   Will:      It greatly increases your willpower.
Armour
 b - a +0 scale mail (worn)
 c - a +0 buckler (worn)
Jewellery
 h - a ring of magical power
 l - an amulet of the acrobat (around neck)
 v - a ring of wizardry
Wands
 t - a wand of roots (7)
Scrolls
 f - 3 scrolls of enchant armour
 k - 4 scrolls of teleportation
 n - 2 scrolls of blinking
 o - a scroll of poison
 s - 3 scrolls of magic mapping {unknown}
 u - a scroll of fog {unknown}
 w - 3 scrolls of vulnerability {unknown}
 y - a scroll of identify
Potions
 e - 2 potions of magic
 g - 3 potions of heal wounds
 i - 3 potions of flight
 j - a potion of invisibility {unknown}
 m - a potion of brilliance {unknown}
 p - a potion of attraction {unknown}
 r - a potion of mutation {unknown}
 x - 2 potions of cancellation {unknown}
 z - a potion of haste {unknown}


   Skills:
 + Level 6.6 Fighting
 + Level 4.4 Long Blades
 + Level 7.7 Polearms
 + Level 11.0 Armour
 + Level 3.4 Dodging
 + Level 1.1 Stealth
 + Level 5.5 Shields


You had 8 spell levels left.
You didn't know any spells.
Your spell library contained the following spells:

 Spells                   Type           Power      Damage    Failure   Level
 Necrotise                Necr           0%         1d4       80%         1
 Blink                    Tloc           0%         N/A       91%         2
 Lesser Beckoning         Tloc           0%         N/A       99%         3
 Vampiric Draining        Necr           0%         2d6       99%         3
 Agony                    Necr           0%         N/A       100%        5
 Manifold Assault         Tloc           0%         N/A       100%        5


Dungeon Overview and Level Annotations

Branches:
Dungeon (7/15)             Temple (0/1) D:5           Sewer (visited)

Altars:
Ashenzari
Qazlal
Ru

Shops:
D:3 *   D:4 *


Innate Abilities, Weirdness & Mutations

You have a pair of horns on your head.
You reflexively headbutt those who attack you in melee.


Message History

There are monsters nearby!
You impale the wight!!
You destroy the wight!
Something hits you but does no damage. You block the wight's attack.
The orc hits you with a +0 war axe. The orc hits you with a +0 hand axe.
Your Armour skill increases to level 11!
Unknown command.
You are too injured to fight recklessly!
There are monsters nearby!
You are too injured to fight recklessly!
Unknown command.
There are monsters nearby!
You are too injured to fight recklessly!
Unknown command.
There are monsters nearby!
You puncture the orc!
You kill the orc!
The wight completely misses you. You block the wight's attack.
Something hits you but does no damage. The orc completely misses you.
You furiously retaliate!
You headbutt the orc!
You kill the orc!
The orc priest calls down the wrath of Beogh upon you.
Beogh smites you!
* * * LOW HITPOINT WARNING * * *
The wight completely misses you. x2; You furiously retaliate!
You headbutt the wight.
A wight comes into view. It is wielding a +3 long sword.
The orc priest closely misses you. Something hits you but does no damage.
Items here: ! )) [ ††.
You barely miss the orc priest.
The orc priest invokes the aid of Beogh against you.
Beogh smites you!
* * * LOW HITPOINT WARNING * * *
The wight hits you but does no damage.
You are poisoned.
You block the wight's attack.
The orc priest hits you with a +0 morningstar!
* * * LOW HITPOINT WARNING * * *
Something hits you.
You die...

..## ....# #. ....
. ## ##.###... ..
##.###.....z.#...
$.#.#...#.......
#......zo#..#
#......@z..#..#
#...).).o.....#
#.....)....##..
###...###### #...#
#...# #...# #...#
.#########...#####


You could see 3 wights and 2 orc priests.

Vanquished Creatures
  Sigmund (D:5)
  An orc warrior (D:7)
  An ice beast (D:6)
  A black bear (D:6)
  A centaur (D:7)
  Blork the orc (D:5)
  3 bullfrogs
  2 necrophages
  3 scorpions (D:4)
  A wight (D:7)
  3 jellies
  2 orc priests
  2 hounds
  Jessica (D:2)
  2 gnoll boudas (D:6)
  Natasha (thrice) (D:3)
  4 orc wizards
  12 adders
  16 gnolls
  A river rat (D:4)
  A white imp (D:5)
  2 worms
  A dart slug (D:5)
  19 orcs
  3 bats
  20 endoplasms
  9 giant cockroaches
  12 goblins
  6 hobgoblins
  2 jackals (D:1)
  6 quokkas
  10 ball pythons
  8 frilled lizards
  5 kobolds
  5 rats
170 creatures vanquished.

Notes
Turn   | Place    | Note
-------+----------+-------------------------------------------
     0 | D:1      | Iusername the Minotaur Fighter began the quest for the Orb.
     0 | D:1      | Reached XP level 1. HP: 19/19 MP: 0/0
   279 | D:1      | Reached skill level 4 in Armour
   370 | D:1      | Reached XP level 2. HP: 27/27 MP: 1/1
   966 | D:2      | Found a sacrificial altar of Ru.
  1067 | D:2      | Reached XP level 3. HP: 33/33 MP: 2/2
  1436 | D:2      | Noticed Jessica
  1441 | D:2      | Killed Jessica
  1442 | D:2      | Reached skill level 5 in Armour
  1553 | D:2      | Reached XP level 4. HP: 40/40 MP: 3/3
  1699 | D:3      | Found Anlagrof's Assorted Antiques.
  1711 | D:3      | Identified the +4 trident of Conscience {venom, Fly rN+
                  | Will++ Dex-2}
  1746 | D:3      | Found the +7 staff of the Meek {protect, meekguard}
  2243 | D:3      | Noticed Natasha
  2248 | D:3      | Killed Natasha
  2249 | D:3      | Reached XP level 5. HP: 41/46 MP: 4/4
  2530 | D:3      | Reached skill level 6 in Armour
  2558 | D:3      | Reached skill level 1 in Dodging
  2637 | D:3      | Noticed Natasha
  2645 | D:3      | Killed Natasha
  2826 | D:3      | Noticed Natasha
  2832 | D:3      | Killed Natasha
  2833 | D:3      | Reached skill level 1 in Polearms
  2971 | D:4      | Reached XP level 6. HP: 42/53 MP: 5/5
  3353 | D:4      | Found a glowing drain.
  3365 | Sewer    | Entered a sewer
  3458 | Sewer    | Reached skill level 7 in Armour
  3570 | Sewer    | Reached XP level 7. HP: 41/60 MP: 6/6
  3932 | D:4      | Reached skill level 5 in Fighting
  3977 | D:4      | Found Ubotel's Overcharged Wands.
  3982 | D:4      | Reached skill level 5 in Polearms
  4295 | D:5      | Entered Level 5 of the Dungeon
  4382 | D:5      | Noticed Blork the orc
  4390 | D:5      | Killed Blork the orc
  4391 | D:5      | Reached skill level 5 in Shields
  5104 | D:5      | Found a staircase to the Ecumenical Temple.
  5413 | D:5      | Reached skill level 1 in Stealth
  5466 | D:5      | Noticed Sigmund
  5473 | D:5      | Killed Sigmund
  5474 | D:5      | Reached skill level 8 in Armour
  5474 | D:5      | Reached XP level 8. HP: 54/69 MP: 7/7
  6314 | D:6      | Reached skill level 9 in Armour
  6949 | D:6      | Found a broken altar of Ashenzari.
  6956 | D:6      | Found a stormy altar of Qazlal.
  7280 | D:6      | Reached skill level 10 in Armour
  7625 | D:6      | Identified the +2 robe of Dunea {Dex+8}
  7834 | D:7      | Reached XP level 9. HP: 47/78 MP: 8/8
  7836 | D:7      | Reached skill level 11 in Armour
  7838 | D:7      | HP: 1/78 [orc priest/+0 morningstar (10)]
  7838 | D:7      | Slain by an orc wizard

Illustrated notes

Levels and vault maps discovered:
D:1:      wheals_arrival_shading, layout_basic
D:2:      layout_loops_ring, basic_altar, uniq_jessica
D:3:      layout_loops_ring, serial_shops, shop, reono_crystal_passage,
          pf_guarded_unrand_meek, uniq_natasha
D:4:      layout_basic, cheibrodos_sewer_entry_sluice,
          nicolae_shop_overcharged_wands
D:5:      layout_gridville, temple_doors_e, st_stairs_12, uniq_blork_the_orc,
          uniq_sigmund
D:6:      layout_gridville, mainiacjoe_overflow_big_doors, serial_glass,
          glass_columns_a, glass_columns_a
D:7:      layout_loops_cross, minmay_statues_item, kennysheep_generic_room_15,
          uniq_duvessa, uniq_maggie

Skill      XL: |  1  2  3  4  5  6  7  8  9 |
---------------+----------------------------+-----
Armour         | 4 5 6 7 8 10 11 | 11.0
Shields        | 4 5 |  5.5
Long Blades    | 3 4 |  4.4
Fighting       | 4 5 6 |  6.6
Dodging        | 1 2 3 |  3.4
Polearms       | 1 4 6 7 |  7.7
Stealth        | 1 |  1.1

Action                   |  1- 3 |  4- 6 |  7- 9 || total
-------------------------+-------+-------+-------++-------
Melee: Long sword        |    72 |     7 |       ||    79
       Headbutt          |     5 |    22 |    23 ||    50
       Trident           |       |   160 |   154 ||   314
  Use: Scroll            |     3 |     2 |     2 ||     7
       Potion            |       |       |     3 ||     3
Armor: Scale mail        |    30 |    40 |    49 ||   119
Dodge: Dodged            |    46 |    66 |    80 ||   192
Block: Buckler           |    26 |    31 |    35 ||    92
